 Dungeon Crawl Stone Soup version 0.21.1-1-g345015fe64 (webtiles) character file.

3791 Bergy the Basher (level 9, 0/78 HPs)
             Began as a Minotaur Fighter on July 22, 2018.
             Was an Initiate of Makhleb.
             Slain by a hound (2 damage)
             ... on level 7 of the Dungeon.
             The game lasted 00:49:32 (9250 turns).

Bergy the Basher (Minotaur Fighter)                 Turns: 9250, Time: 00:49:32

Health: 0/78       AC: 13    Str: 24    XL:     9   Next: 95%
Magic:  8/8        EV:  6    Int:  5    God:    Makhleb [......]
Gold:   585        SH: 18    Dex: 16    Spells: 8/8 levels left

rFire    . . .     SeeInvis +   L - +2 flail (drain)
rCold    + . .     Gourm    .   n - +0 large shield
rNeg     + . .     Faith    .   q - +0 chain mail
rPois    +         Spirit   .   (helmet restricted)
rElec    .         Reflect  .   b - +2 cloak
rCorr    .         Harm     .   (no gloves)
MR       .....                  (no boots)
Stlth    ..........             (no amulet)
HPRegen  0.23/turn              u - ring of positive energy
MPRegen  0.11/turn              w - ring of the Furies {rPois rC+ Dex+6 SInv}

@: no status effects
A: retaliatory headbutt, horns 2
a: Renounce Religion


You were on level 7 of the Dungeon.
You worshipped Makhleb.
Makhleb was noncommittal.
You were not hungry.

You visited 2 branches of the dungeon, and saw 9 of its levels.

You collected 585 gold pieces.

Inventory:

Hand Weapons
 s - a cursed -1 hunting sling
 C - a +0 mace of protection
 J - a +1 whip of flaming
 L - a +2 flail of draining (weapon)
Missiles
 t - 526 stones (quivered)
Armour
 b - a +2 cloak (worn)
 n - a +0 large shield (worn)
 q - a +0 chain mail (worn)
Jewellery
 u - a ring of positive energy (left hand)
 w - the ring of the Furies (right hand) {rPois rC+ Dex+6 SInv}
   (You found it on level 5 of the Dungeon)

   [ring of poison resistance]

   It affects your dexterity (+6).
   It protects you from cold.
   It protects you from poison.
   It lets you see invisible.
Wands
 a - a wand of random effects (9)
 E - a wand of enslavement (15)
 F - a wand of polymorph (12)
 G - a wand of digging (13)
 I - a wand of iceblast (9)
Scrolls
 c - a scroll of magic mapping {unknown}
 e - a scroll of blinking {unknown}
 g - 8 scrolls of remove curse
 h - 4 scrolls of teleportation
 i - a scroll of fog
 k - 4 scrolls of identify
 o - a scroll of enchant weapon {unknown}
 y - 3 scrolls of enchant armour {unknown}
 z - a scroll of fear {unknown}
 A - a scroll of noise
 B - 2 scrolls of amnesia {unknown}
Potions
 d - 2 potions of might
 j - 2 potions of flight {unknown}
 l - 7 potions of brilliance
 m - a potion of degeneration {unknown}
 p - 5 potions of haste
 v - 3 potions of curing
 x - 4 potions of agility {unknown}
 D - a potion of lignification {unknown}
Books
 r - a book of Misfortune

   Spells                             Type                      Level
   a - Confusing Touch                Hexes                        1
   b - Confuse                        Hexes                        3
   c - Gell's Gravitas                Translocation                3
   d - Petrify                        Transmutation/Earth          4
   e - Metabolic Englaciation         Hexes/Ice                    5
   f - Yara's Violent Unravelling     Hexes/Transmutation          5
Comestibles
 f - 14 rations


   Skills:
 + Level 6.6 Fighting
 + Level 11.3 Maces & Flails
 - Level 6.5 Armour
 - Level 1.0 Dodging
 * Level 10.7 Shields


You had 8 spell levels left.
You didn't know any spells.

Dungeon Overview and Level Annotations

Branches:
Dungeon (8/15)             Temple (1/1) D:7            Lair (0/6) D:8

Altars:
Ashenzari
Cheibriados
Dithmenos
Elyvilon
Fedhas
Gozag
Hepliaklqana
Kikubaaqudgha
Makhleb
Nemelex Xobeh
Qazlal
Ru
Sif Muna
Trog
Uskayaw
Vehumet
Wu Jian
Zin
The Shining One

Shops:
D:7 (


Innate Abilities, Weirdness & Mutations

You reflexively headbutt those who attack you in melee.
You have a pair of horns on your head.


Message History

You closely miss the hound. You block the hound's attack.
The death yak completely misses you. The hound closely misses you.
You furiously retaliate!
You headbutt the hound, but do no damage.
You closely miss the hound. Your headbutt misses the hound.
You block the death yak's attack. The hound bites you but does no damage.
You closely miss the hound. You block the hound's attack.
The death yak gores you!
You closely miss the hound. You block the hound's attack.
The death yak gores you!!
* * * LOW HITPOINT WARNING * * *
You block the hound's attack.
You closely miss the hound. You block the hound's attack.
The death yak gores you!
* * * LOW HITPOINT WARNING * * *
You hit the hound but do no damage. You drain the hound!
The hound is moderately wounded.
You block the hound's attack. You block the death yak's attack.
The hound bites you.
You die...

#...###...##.....###....####...##
#.......................'........
#.......................#........
+.......................#........
#...########......###...#######..
#...###...##......###...##...##..
....#......#.......#.........#...
....#......#....Y..#.........#...
....#......#....@h.'.........#...
....#......#.....).#.........#...
...p'......#....>..#.........#...
#########.##.###'#########...##..
..####.##.##.##....###..##...##..
........#.....#...............#..
........#.....#...............#..
........#.....#...............#..
........#.....'...............'..


You could see a death yak and a hound.

Vanquished Creatures
  Pikel (D:7)
  The ghost of SlightEye the Skirmisher, a novice FoFi of Okawaru (D:4)
  A hungry ghost (D:7)
  Menkaure (D:5)
  3 ice beasts
  3 ogres
  A centaur (D:7)
  4 big kobolds (D:3)
  A bullfrog (D:6)
  A gnoll sergeant (D:5)
  2 scorpions
  A howler monkey (D:6)
  3 crimson imps
  A bullfrog zombie (D:3)
  A jelly (D:4)
  An orc priest (D:6)
  2 hounds (D:5)
  A bullfrog skeleton (D:7)
  3 gnoll shamans
  A centaur skeleton (D:6)
  Natasha (twice) (D:2)
  2 iguanas
  5 orc wizards
  3 worker ants
  7 adders
  63 gnolls
  An ooze (D:3)
  3 adder skeletons
  3 worms
  3 leopard geckos
  21 orcs
  6 giant cockroaches
  47 goblins
  28 hobgoblins
  17 jackals
  8 kobolds
  3 quokkas
  4 ball pythons
  6 bats
  3 frilled lizards
  A leopard gecko skeleton (D:7)
  2 quokka skeletons
  A quokka zombie (D:7)
  10 rats
  A plant (D:1)
283 creatures vanquished.

Notes
Turn   | Place    | Note
-------+----------+-------------------------------------------
     0 | D:1      | Bergy the Minotaur Fighter began the quest for the Orb.
     0 | D:1      | Reached XP level 1. HP: 19/19 MP: 0/0
   126 | D:1      | Reached skill level 3 in Maces & Flails
   189 | D:1      | Reached XP level 2. HP: 21/26 MP: 1/1
   595 | D:1      | Reached skill level 4 in Maces & Flails
   600 | D:1      | Reached XP level 3. HP: 30/31 MP: 2/2
   945 | D:2      | Reached skill level 1 in Dodging
   967 | D:2      | Reached skill level 5 in Maces & Flails
   967 | D:2      | Reached XP level 4. HP: 37/39 MP: 3/3
  1180 | D:2      | Noticed Natasha
  1189 | D:2      | Killed Natasha
  1189 | D:2      | Reached skill level 6 in Maces & Flails
  1471 | D:2      | Reached XP level 5. HP: 45/45 MP: 4/4
  1560 | D:2      | Noticed Natasha
  1567 | D:2      | Killed Natasha
  1693 | D:3      | Noticed an ice beast
  1714 | D:3      | Killed an ice beast
  1714 | D:3      | Reached skill level 7 in Maces & Flails
  1714 | D:3      | Reached XP level 6. HP: 49/51 MP: 5/5
  2155 | D:3      | Found a sacrificial altar of Ru.
  2203 | D:3      | Reached skill level 8 in Maces & Flails
  2254 | D:3      | Found a snail-covered altar of Cheibriados.
  2532 | D:3      | Found a glowing silver altar of Zin.
  2532 | D:3      | Noticed an angel
  3405 | D:3      | Reached XP level 7. HP: 58/58 MP: 6/6
  3417 | D:3      | Reached skill level 5 in Shields
  4018 | D:4      | Found a blossoming altar of Fedhas.
  4018 | D:4      | Found an ancient bone altar of Kikubaaqudgha.
  4122 | D:4      | Found a glowing golden altar of the Shining One.
  4242 | D:4      | Noticed SlightEye's ghost (novice FoFi)
  4382 | D:4      | Killed SlightEye's ghost
  4382 | D:4      | Reached skill level 9 in Maces & Flails
  4382 | D:4      | Reached XP level 8. HP: 33/67 MP: 7/7
  4569 | D:4      | Found a radiant altar of Vehumet.
  4946 | D:5      | Entered Level 5 of the Dungeon
  4958 | D:5      | Got an ancient lead ring
  4963 | D:5      | Identified the ring of the Furies {rPois rC+ Dex+6 SInv} (You found it on level 5 of the Dungeon)
  5044 | D:5      | Found a shadowy altar of Dithmenos.
  5136 | D:5      | Noticed Menkaure
  5146 | D:6      | Reached skill level 5 in Fighting
  5406 | D:5      | Killed Menkaure
  5729 | D:5      | Reached skill level 10 in Maces & Flails
  5870 | D:5      | Reached skill level 5 in Armour
  6088 | D:5      | Reached XP level 9. HP: 38/74 MP: 8/8
  7943 | D:7      | Noticed Pikel
  7958 | D:7      | Killed Pikel
  7958 | D:7      | Reached skill level 11 in Maces & Flails
  7958 | D:7      | Reached skill level 10 in Shields
  8333 | D:7      | Found Vemops's Antique Weapon Boutique.
  8389 | D:7      | Found an ornate altar of the Wu Jian Council.
  8462 | D:7      | Found a staircase to the Ecumenical Temple.
  8471 | Temple   | Entered the Ecumenical Temple
  8544 | Temple   | Became a worshipper of Makhleb the Destroyer
  8761 | D:8      | Noticed a death yak
  8761 | D:8      | Noticed a death yak
  9238 | D:8      | Found a staircase to the Lair.
  9238 | D:8      | Noticed a death yak
  9249 | D:7      | HP: 2/78 [death yak (11)]
  9250 | D:7      | Slain by a hound

Skill      XL: |  1  2  3  4  5  6  7  8  9 |
---------------+----------------------------+-----
Maces & Flails | 3 4 5 6 7 8 9 10 11 | 11.3
Dodging        | 1 |  1.0
Shields        | 4 6 8 10 | 10.7
Fighting       | 4 5 6 |  6.6
Armour         | 4 5 6 |  6.5

Action                   |  1- 3 |  4- 6 |  7- 9 || total
-------------------------+-------+-------+-------++-------
Melee: Flail             |    78 |   277 |   344 ||   699
       Headbutt          |    15 |    38 |   124 ||   177
       Mace              |       |       |   115 ||   115
       Whip              |       |       |    22 ||    22
Evoke: Wand              |       |       |     1 ||     1
  Use: Potion            |       |     2 |     4 ||     6
       Scroll            |       |     3 |     9 ||    12
  Eat: Chunk             |       |     9 |    16 ||    25
       Ration            |       |       |     2 ||     2
Armor: Scale mail        |    28 |       |       ||    28
       Chain mail        |     2 |   159 |   163 ||   324
Dodge: Dodged            |    27 |    78 |    95 ||   200
Block: Shield            |    23 |   155 |   185 ||   363
       Large shield      |       |       |    86 ||    86
